 Dungeon Crawl Stone Soup version 0.28-a0-1629-gf728b707aa (webtiles) character file.

Game seed: 15169329026229176272

12065 Hasart the Covered (level 11, -1/138 HPs)
             Began as a Demigod Fighter on Jan 24, 2022.
             Slain by a sun demon (13 damage)
             ... summoned by an obsidian statue
             ... in a Gauntlet.
             The game lasted 00:34:35 (10467 turns).

Hasart the Covered (Demigod Fighter)               Turns: 10467, Time: 00:34:36

Health: -1/138     AC: 25    Str: 21    XL:     11   Next: 32%
Magic:  14/14      EV:  2    Int: 10    God:
Gold:   1424       SH:  7    Dex: 21    Spells: 10/10 levels left

rFire   + . .      SeeInvis .   h - +2 scimitar (flame)
rCold   . . .      Faith    .   c - +0 buckler
rNeg    . . .      Spirit   .   (armour currently unavailable)
rPois   +          Reflect  .   (helmet currently unavailable)
rElec   .          Harm     .   (cloak currently unavailable)
rCorr   .          Rampage  .   (gloves currently unavailable)
Will    +....      NoTele   +   (boots currently unavailable)
Stlth   ++........              k - amulet of regeneration
HPRegen 1.13/turn               B - ring of poison resistance
MPRegen 0.14/turn               e - ring of protection from fire

@: agile, tree-form, mesmerised
A: stationary, stasis, torment immunity, boosted hp, high mp 1, forlorn, divine
attributes
a: no special abilities


You were in a Gauntlet.
You were a tree.
You visited 1 branch of the dungeon, and saw 11 of its levels.
You also visited: Ossuary, Bailey and Gauntlet.

You collected 1424 gold pieces.

Inventory:

Hand Weapons
 h - a +2 scimitar of flaming (weapon)
 D - a +1 scimitar
Missiles
 v - 24 boomerangs (quivered)
Armour
 c - a +0 buckler (worn)
 j - a +2 helmet (melded)
 m - a +0 cloak (melded)
 u - a +0 pair of gloves (melded)
 I - a +0 troll leather armour (melded)
 K - the -1 pair of gloves "Guutis" {Will++ Int-4}
   (You found it in a bailey)

   Int:       It affects your intelligence (-4).
   Will:      It greatly increases your willpower.
 L - a +1 pair of boots of flying (melded)
Jewellery
 d - a ring of protection from cold
 e - a ring of protection from fire (right branch)
 k - an amulet of regeneration (around neck)
 r - a ring of resist corrosion
 x - a ring of see invisible
 y - a ring of flight
 B - a ring of poison resistance (left branch)
Wands
 b - a wand of digging (1)
 o - a wand of iceblast (8)
 G - a wand of acid (5)
Scrolls
 g - 4 scrolls of enchant armour
 i - a scroll of blinking
 l - 3 scrolls of identify
 p - 2 scrolls of teleportation
 s - a scroll of fog
 J - a scroll of fear
Potions
 a - 5 potions of mutation
 f - 7 potions of curing
 q - a potion of brilliance
 t - 2 potions of resistance
 z - a potion of lignification
 E - a potion of heal wounds
 F - 5 potions of attraction
 H - 2 potions of ambrosia


   Skills:
 + Level 7.4 Fighting
 + Level 6.9 Long Blades
 + Level 6.2 Throwing
 + Level 7.4 Armour
 + Level 6.7 Dodging
 + Level 7.4 Shields
 + Level 4.2 Evocations


You had 10 spell levels left.
You didn't know any spells.
Your spell library contained the following spells:

 Spells                   Type           Power      Damage    Failure   Level
 Sting                    Tmut/Pois      0%         1d3       43%         1
 Poisonous Vapours        Pois/Air       0%         N/A       56%         2
 Sublimation of Blood     Necr           0%         N/A       56%         2
 Tukima's Dance           Hex            0%         N/A       80%         3
 Anguish                  Hex/Necr       0%         N/A       99%         4
 Olgreb's Toxic Radiance  Pois           0%         N/A       99%         4
 Petrify                  Tmut/Erth      0%         N/A       99%         4
 Alistair's Intoxication  Tmut/Pois      0%         N/A       100%        5
 Borgnjor's Vile Clutch   Necr/Erth      0%         N/A       100%        5
 Irradiate                Conj/Tmut      0%         3d13      100%        5
 Eringya's Noxious Bog    Tmut/Pois      0%         N/A       100%        6
 Enfeeble                 Hex            0%         N/A       100%        7


Dungeon Overview and Level Annotations

Branches:
Dungeon (11/15)            Temple (0/1) D:4            Lair (0/6) D:11
    Orc (0/2) D:9         Ossuary (visited)          Bailey (visited)
Gauntlet (1/1)

Shops:
D:7 =   D:10 *

Annotations:
D:7 2 transporters, p0werm0de's ghost, novice DjCK Gauntlet 11 transporters, 1 runed translucent door, exclusion: 2 obsidian statues


Innate Abilities, Weirdness & Mutations

You are a tree.
Your roots penetrate the ground, keeping you stationary.
You cannot be teleported.
You are immune to unholy pain and torment.
Your maximum health is greatly increased.
Your equipment is partially melded.
You have an increased reservoir of magic. (+10% MP)
You shall have no god before yourself.
Your divine heritage dramatically boosts your attributes as you level up.


Message History

The chaos spawn hits you but does no damage.
You block the iron imp's attack.
Unknown command.
You hit the obsidian statue.
The obsidian statue is severely damaged.
The orange demon stings you but does no damage.
The chaos spawn hits you but does no damage.
The orange demon stings you but does no damage.
Unknown command.
You hit the obsidian statue.
The obsidian statue is almost destroyed.
The orange demon disappears in a puff of smoke!
The iron imp grinds its teeth.
The iron imp hits you but does no damage.
The chaos spawn gores you but does no damage.
The obsidian statue's eyes glow briefly.
You hit the obsidian statue.
The obsidian statue is almost destroyed.
The iron imp hits you but does no damage.
The chaos spawn hits you but does no damage.
Unknown command.
You hit the obsidian statue.
The obsidian statue is almost destroyed.
You block the chaos spawn's attack.
The iron imp hits you but does no damage.
Unknown command.
You hit the obsidian statue but do no damage.
The obsidian statue is almost destroyed.
The obsidian statue's eyes glow briefly.
The iron imp hits you!
* * * LOW HITPOINT WARNING * * *
You slash the obsidian statue!
The obsidian statue is almost destroyed.
The smoke demon gestures at you. Something smites you!
* * * LOW HITPOINT WARNING * * *
The iron imp hits you.
* * * LOW HITPOINT WARNING * * *
The sun demon hits you!
You die...

8....................≈#
.......8.....8.....8.##
######...............≈#
.....#...#########...##
.##..#...#.....#.#...§#
..##t#####}###.#5#...##
...#.#...#...###3#...≈#
©....#©8©#©..©438#©8.##
...#.#...#[..###♣#...≈#
..##.#####=###.#5#...##
.##..#...#.....#.#...≈#
.....#...#########...##
######.............§§§#
.......8.....8.....8.##
8.....................##
........###########...§#
#####...##.#....###...##


You could see an obsidian statue (mesmerising), a sun demon (summoned), a smoke
demon (summoned), a chaos spawn (summoned), an iron imp (summoned) and a quasit
(summoned).

Vanquished Creatures
  Josephine (D:10)
  Erolcha (D:9)
  3 two-headed ogres
  3 orc knights (Bailey)
  Pikel (D:7)
  A cyclops (D:10)
  Maggie (D:6)
  A troll (D:9)
  Prince Ribbit (D:5)
  3 wraiths (D:10)
  Sigmund (D:5)
  A steam dragon (D:10)
  2 vampire mosquitoes (D:10)
  Menkaure (D:5)
  Edmund (D:5)
  A water moccasin (D:9)
  2 acid dragons
  Duvessa (D:5)
  12 orc warriors
  2 hornet zombies
  2 black bears
  4 sky beasts
  An ogre (D:7)
  A lemure (D:7)
  A phantom (D:4)
  2 centaurs
  A kobold brigand (D:9)
  4 scorpions
  4 bullfrogs
  A water moccasin zombie (D:5)
  A wyvern skeleton (D:6)
  Dowan (D:5)
  5 killer bees (D:8)
  2 howler monkeys (D:5)
  4 wights (D:7)
  4 centaur zombies
  2 bullfrog zombies
  A human zombie (Ossuary)
  6 hounds
  A bullfrog skeleton (D:6)
  7 orc priests
  2 jellies (D:6)
  11 orc wizards
  2 iguanas
  3 killer bee zombies
  A hound zombie (D:5)
  2 hound skeletons
  3 mummies (Ossuary)
  2 howler monkey zombies
  Robin (D:3)
  10 gnolls
  4 adders
  3 howler monkey skeletons
  2 white imps (D:8)
  An adder skeleton (D:4)
  4 worms
  A dart slug (D:1)
  38 orcs
  6 endoplasms
  3 giant cockroaches
  A gnoll zombie (Ossuary)
  12 goblins
  12 hobgoblins
  2 jackals (D:2)
  16 kobolds
  5 quokkas
  6 ball pythons
  4 bats
  A frilled lizard (D:2)
  A goblin zombie (Ossuary)
  2 kobold zombies (Ossuary)
  An orc zombie (Ossuary)
  3 rats
260 creatures vanquished.

Vanquished Creatures (others)
  An orc wizard (D:8)
  4 demonic plants (Gauntlet)
  2 fungi (D:11)
  14 plants
21 creatures vanquished.

Grand Total: 281 creatures vanquished

Notes
Turn   | Place    | Note
-------+----------+-------------------------------------------
     0 | D:1      | Hasart the Demigod Fighter began the quest for the Orb.
     0 | D:1      | Reached XP level 1. HP: 18/18 MP: 3/3
   332 | D:1      | Reached XP level 2. HP: 19/25 MP: 4/4
  1349 | D:2      | Reached XP level 3. HP: 31/31 MP: 5/5
  1586 | D:2      | Reached skill level 1 in Dodging
  2050 | D:3      | Noticed Robin
  2215 | D:3      | Killed Robin
  2216 | D:3      | Reached XP level 4. HP: 29/38 MP: 6/6
  2222 | D:3      | Identified the +2 dagger of Defence {protect, rElec rN+
                  | Str-2 Int+4}
  3021 | D:4      | Reached XP level 5. HP: 45/45 MP: 7/7
  3104 | D:4      | Found a staircase to the Ecumenical Temple.
  3690 | D:5      | Entered Level 5 of the Dungeon
  3705 | D:5      | Reached XP level 6. HP: 52/52 MP: 8/8
  3815 | D:5      | Noticed Sigmund
  3849 | D:5      | Killed Sigmund
  3850 | D:5      | Reached skill level 1 in Throwing
  3930 | D:5      | Noticed Edmund
  3938 | D:5      | Killed Edmund
  3939 | D:5      | Reached XP level 7. HP: 33/59 MP: 9/9
  4074 | D:5      | Noticed Dowan
  4075 | D:5      | Noticed Duvessa
  4098 | D:5      | Killed Duvessa
  4104 | D:5      | Killed Dowan
  4248 | D:5      | Noticed Menkaure
  4248 | D:5      | Noticed Prince Ribbit
  4442 | D:5      | Killed Menkaure
  4443 | D:5      | Reached XP level 8. HP: 45/67 MP: 10/10
  4472 | D:5      | Killed Prince Ribbit
  4681 | D:6      | Noticed Maggie
  4688 | D:5      | Reached skill level 5 in Armour
  4754 | D:6      | Killed Maggie
  4755 | D:6      | Reached skill level 5 in Fighting
  4755 | D:6      | Reached skill level 5 in Shields
  5541 | D:7      | Found Sihux's Jewellery Shop.
  5568 | D:7      | Reached XP level 9. HP: 63/74 MP: 11/11
  5629 | D:7      | Reached skill level 5 in Long Blades
  5787 | D:7      | Found a sand-covered staircase.
  5792 | Ossuary  | Entered an ossuary
  6293 | D:7      | Noticed Pikel
  6310 | D:7      | Killed Pikel
  6311 | D:7      | Reached skill level 5 in Dodging
  6311 | D:7      | Reached skill level 1 in Evocations
  6411 | D:7      | Noticed p0werm0de's ghost (novice DjCK)
  6412 | D:7      | Noticed a moth of wrath
  6419 | D:7      | Found a transporter.
  6427 | D:7      | Noticed a two-headed ogre
  6439 | D:7      | Found a transporter.
  6563 | D:8      | Noticed a two-headed ogre
  6578 | D:8      | Killed a two-headed ogre
  6658 | D:8      | Reached XP level 10. HP: 68/83 MP: 13/13
  6792 | D:8      | Found a flagged portal.
  6801 | Bailey   | Entered a bailey
  6822 | Bailey   | Noticed an orc knight
  6823 | Bailey   | Noticed an orc knight
  6833 | Bailey   | Noticed an orc knight
  7091 | Bailey   | Killed an orc knight
  7092 | Bailey   | Reached skill level 5 in Throwing
  7099 | Bailey   | Killed an orc knight
  7117 | Bailey   | Killed an orc knight
  7186 | Bailey   | Identified the -1 pair of gloves "Guutis" {Will++ Int-4}
  8155 | D:9      | Noticed Erolcha
  8166 | D:9      | Killed Erolcha
  8736 | D:9      | Found a staircase to the Orcish Mines.
  8880 | D:10     | Entered Level 10 of the Dungeon
  9209 | D:10     | Noticed Josephine
  9223 | D:10     | Reached XP level 11. HP: 79/92 MP: 14/14
  9265 | D:10     | Killed Josephine
  9388 | D:10     | Found Eniomyto's Gadget Gallery.
  9859 | D:11     | Noticed a two-headed ogre
  9969 | D:10     | Killed a two-headed ogre
 10003 | D:11     | Noticed a two-headed ogre
 10013 | D:11     | Killed a two-headed ogre
 10024 | D:11     | Found a staircase to the Lair.
 10121 | D:11     | Found a gate leading to a gauntlet.
 10130 | Gauntlet | Entered a Gauntlet
 10130 | Gauntlet | Found a transporter.
 10139 | Gauntlet | Found a runed translucent door.
 10139 | Gauntlet | Found a transporter.
 10141 | Gauntlet | Found a transporter.
 10144 | Gauntlet | Found a transporter.
 10145 | Gauntlet | Found a transporter.
 10146 | Gauntlet | Found a transporter.
 10146 | Gauntlet | Noticed a catoblepas
 10153 | Gauntlet | Noticed an obsidian statue
 10155 | Gauntlet | Found a transporter.
 10157 | Gauntlet | Found a transporter.
 10188 | Gauntlet | Noticed a fire crab
 10211 | Gauntlet | Noticed a balrug
 10224 | Gauntlet | Found a transporter.
 10224 | Gauntlet | Noticed an obsidian statue
 10225 | Gauntlet | Found a transporter.
 10229 | Gauntlet | Found a transporter.
 10255 | Gauntlet | Found a transporter.
 10270 | Gauntlet | Noticed a ghost crab
 10464 | Gauntlet | Noticed a sun demon
 10467 | Gauntlet | Slain by a sun demon

Illustrated notes

Levels and vault maps discovered:
D:1:      nagdon_arrival_zigzag_paths, layout_basic
D:2:      layout_loops_ring, shapermc_ecumenical_altar_acropolis,
          kennysheep_small_spiral
D:3:      layout_loops_cross, uniq_robin
D:4:      layout_loops_ring, minmay_temple_entry_offerings,
          minmay_misc_feat_cross
D:5:      layout_gridville, nrook_mini_backslash, minmay_pentangle, uniq_edmund,
          uniq_duvessa, uniq_sigmund, uniq_menkaure, uniq_prince_ribbit1
D:6:      layout_loops_cross, mainiacjoe_overflow_alcove_2,
          yredelemnul_altar_generic, uniq_maggie
D:7:      layout_rooms, mainiacjoe_overflow_big_doors, serial_shops,
          kennysheep_little_box, gammafunk_ghost_wrathful_warriors,
          nicolae_ossuary_entry_false_entrances, minmay_misc_feat_rugged,
          kennysheep_generic_room_8, uniq_pikel
D:8:      layout_basic, lightli_temple_of_fire, enter_bailey_2,
          minmay_fractal_squares_5
D:9:      layout_loops_corners, grunt_qazlal_clouds, orc_0_dummy, uniq_erolcha
D:10:     layout_basic, pdpol_temple_overflow_zin_treasury_gozag_greed,
          nicolae_shop_gadgets, uniq_josephine
D:11:     layout_irregular_city, minmay_lair_entry_grove,
          gauntlet_entry_generic, uniq_urug, uniq_grum, uniq_sonja
Gauntlet: minmay_gauntlet_mixed_oops_all_seconds
          [minmay_gauntlet_arena_77_mirror, gammafunk_gauntlet_arena_mazey,
          minmay_gauntlet_arena_77_path, gammafunk_gauntlet_arena_split_diamond,
          minmay_gauntlet_arena_77_p_blocks, nicolae_gauntlet_arena_quarters,
          nicolae_gauntlet_exit_dead_adventurers]

Skill      XL: |  1  2  3  4  5  6  7  8  9 10 11 |
---------------+----------------------------------+-----
Long Blades    | 2 3 4 5 6 |  6.9
Fighting       | 3 4 5 6 7 |  7.4
Shields        | 3 4 5 6 7 |  7.4
Armour         | 3 4 5 6 7 |  7.4
Dodging        | 1 2 3 4 5 6 |  6.7
Throwing       | 1 2 3 4 5 6 |  6.2
Evocations     | 2 3 4 |  4.2

Action                   |  1- 3 |  4- 6 |  7- 9 | 10-12 || total
-------------------------+-------+-------+-------+-------++-------
Melee: Long sword        |   153 |   162 |   175 |       ||   490
       Scimitar          |       |       |   204 |   348 ||   552
Throw: Boomerang         |       |     1 |    24 |    91 ||   116
Evoke: Wand              |       |       |       |     4 ||     4
  Use: Scroll            |     6 |     4 |     5 |     4 ||    19
       Potion            |       |     1 |     2 |     3 ||     6
 Stab: Sleeping          |       |       |       |     1 ||     1
Armor: Scale mail        |    85 |    79 |   190 |    46 ||   400
       Troll leather arm |       |       |       |    50 ||    50
       Skin              |       |       |       |    12 ||    12
Dodge: Dodged            |    84 |   105 |   206 |   219 ||   614
Block: Buckler           |    40 |    48 |   105 |   145 ||   338

Table legend: (Time is in decaauts)
 A = Elapsed time spent in this place.
 B = Non-inter-level travel time spent in this place.
 C = Inter-level travel time spent in this place.
 D = Time resting spent in this place.
 E = Time spent auto-exploring this place.
 F = Levels seen in this place.
 G = Mean time per level.
                   A        B        C        D        E       F      G
               +--------+--------+--------+--------+--------+-----+--------+
         Total |  10695 |  10274 |    421 |    371 |   6452 |  14 |  763.9 |
       Dungeon |   9659 |   9238 |    421 |    371 |   6190 |  11 |  878.1 |
       Ossuary |    211 |    211 |      0 |      0 |    138 |   1 |  211.0 |
        Bailey |    486 |    486 |      0 |      0 |    124 |   1 |  486.0 |
      Gauntlet |    338 |    338 |      0 |      0 |      0 |   1 |  338.0 |
               +--------+--------+--------+--------+--------+-----+--------+

Top non-repeatable levels by time:
    D:10: 1159 daAuts
     D:1: 1120 daAuts
     D:2: 1048 daAuts
     D:5: 1016 daAuts
     D:9: 955 daAuts
     D:8: 951 daAuts
     D:4: 873 daAuts
     D:3: 809 daAuts
     D:7: 804 daAuts
     D:6: 798 daAuts
  Bailey: 486 daAuts
Gauntlet: 338 daAuts
 Ossuary: 211 daAuts
    D:11: 122 daAuts
